 Dungeon Crawl Stone Soup version 0.26-a0-800-g517d6fe721 (webtiles) character file.

Game seed: 3717052998979655135

401642 jalala the Warrior (level 22, -5/167 HPs)
             Began as a Red Draconian Conjurer on Nov 11, 2020.
             Was the Champion of Vehumet.
             Killed by divine providence
             ... invoked by a smoke demon
              (14 damage)
             ... on level 2 of the Abyss on Nov 12, 2020.
             The game lasted 03:46:19 (79381 turns).

jalala the Warrior (Red Draconian Conjurer)        Turns: 79381, Time: 03:46:19

Health: -5/167     AC: 22    Str:  9    XL:     22   Next: 29%
Magic:  20/30      EV: 17    Int: 27    God:    Vehumet [******]
Gold:   5992       SH: 12    Dex:  6    Spells: 14/46 levels left

rFire    + . .     SeeInvis .   c - +5 eudemon blade (holy)
rCold    + . .     Faith    .   U - +0 kite shield (curse)
rNeg     . . .     Spirit   .   (armour unavailable)
rPois    .         Reflect  .   G - +2 hat
rElec    +         Harm     .   P - +0 cloak
rCorr    .         Rampage  .   T - +2 pair of gloves
MR       +....     Rnd*Rage +   u - +0 pair of boots
Stlth    +.........             g - amulet "Fyuhaz" {Acrobat rElec}
HPRegen  0.00/turn              o - ring of protection from cold
MPRegen  0.22/turn              x - +4 ring of protection

@: about to teleport, non-regenerating, diseased
A: breathe fire, unfitting armour, [berserk 2], [blurry vision 1], [clumsy 2],
fire resistance 1, [frail 2], [low mp 2], [screaming 2], [weak 1], cold-blooded,
AC +11
}: 2/15 runes: decaying, barnacled
a: Breathe Fire, Renounce Religion


You were on level 2 of the Abyss.
You worshipped Vehumet.
Vehumet was exalted by your worship.
You visited 9 branches of the dungeon, and saw 40 of its levels.
You visited the Abyss 1 time.

You collected 6456 gold pieces.
You spent 464 gold pieces at shops.

Inventory:

Hand Weapons
 a - a +5 vampiric demon trident
 b - the +6 falchion of Bahim {venom, rPois rN++ MP+9 Str-4}
   (You found it on level 7 of the Dungeon)

   It poisons the flesh of those it strikes.
   It affects your strength (-4).
   It protects you from poison.
   It greatly protects you from negative energy.
   It affects your magic capacity (+9).
 c - a +5 eudemon blade of holy wrath (weapon)
 d - a +1 sacred scourge of holy wrath
Armour
 u - a +0 pair of boots (worn)
 G - a +2 hat (worn)
 P - a +0 cloak (worn)
 T - a +2 pair of gloves (worn)
 U - a cursed +0 kite shield (worn)
Jewellery
 g - the amulet "Fyuhaz" (around neck) {Acrobat rElec}
   (You found it on level 10 of the Dungeon)

   [amulet of the acrobat]

   It helps you evade while moving and waiting.
   It insulates you from electricity.
 o - a ring of protection from cold (left hand)
 x - a +4 ring of protection (right hand)
 A - an uncursed amulet of guardian spirit
 D - an uncursed ring of fire
 Q - an uncursed ring of resist corrosion
 Z - the ring "Yduit" {rPois rF+ rN++ Slay-2 Stlth+, unknown}
   (You found it on level 2 of the Abyss)

   [ring of poison resistance]

   It affects your accuracy and damage with ranged weapons and melee attacks
   (-2).
   It protects you from fire.
   It protects you from poison.
   It greatly protects you from negative energy.
   It makes you more stealthy.
Wands
 f - a wand of paralysis (18)
 p - a wand of acid (47)
 s - a wand of iceblast (27)
 t - a wand of polymorph (49)
 w - a wand of digging (11)
Scrolls
 e - 7 scrolls of amnesia
 i - 24 scrolls of remove curse
 k - 8 scrolls of enchant weapon
 l - 9 scrolls of fog
 r - 6 scrolls of enchant armour
 y - 11 scrolls of fear
 C - 8 scrolls of magic mapping
 E - 10 scrolls of immolation
 F - a scroll of torment
 H - 8 scrolls of blinking
 I - 2 scrolls of holy word
 L - 3 scrolls of summoning
 V - 11 scrolls of identify
 W - a scroll of acquirement
 Y - 7 scrolls of teleportation
Potions
 h - 4 potions of lignification
 j - 4 potions of cancellation
 m - 11 potions of curing
 n - 5 potions of magic
 q - 5 potions of flight
 v - 8 potions of attraction
 z - 3 potions of might
 B - 8 potions of brilliance
 J - 2 potions of invisibility
 K - 4 potions of resistance
 M - 2 potions of heal wounds
 O - 8 potions of haste
 X - 6 potions of ambrosia
Miscellaneous
 N - a condenser vane
 R - a phantom mirror
 S - a phantom mirror


   Skills:
 - Level 19.8 Fighting
 + Level 3.6 Long Blades
 - Level 6.7 Polearms
 - Level 17.0 Dodging
 - Level 1.7 Stealth
 - Level 15.0 Shields
 - Level 12.5 Spellcasting
 - Level 17.2 Conjurations
   Level 3.0 Hexes
 - Level 3.0 Translocations
 - Level 17.0 Fire Magic
   Level 1.1 Air Magic


You had 14 spell levels left.
You knew the following spells:

 Your Spells              Type           Power        Failure   Level
a - Magic Dart            Conj           ####         0%          1
b - Searing Ray           Conj           ######       0%          2
c - Ignition              Fire           #######...   5%          8
d - Iskenderun's Battles  Conj           #######.     1%          5
e - Iskenderun's Mystic   Conj/Tloc      ######..     1%          4
f - Orb of Destruction    Conj           #######...   1%          7
g - Fireball              Conj/Fire      #######...   1%          5

Your spell library contained the following spells:

 Spells                   Type           Power        Failure   Level
 Fire Storm               Conj/Fire      #######...   56%         9
 Absolute Zero            Ice            ###.......   100%        9
 Tornado                  Air            ###.......   100%        9
 Corona                   Hex            ####...      1%          1
 Freeze                   Ice            ###.         1%          1
 Sandblast                Erth           ###...       1%          1
 Shock                    Conj/Air       ####         1%          1
 Slow                     Hex            ####....     1%          2
 Dazzling Flash           Conj/Hex       ######       1%          3
 Ignite Poison            Fire/Tmut/Pois #####...     1%          3
 Inner Flame              Hex/Fire       ######..     1%          3
 Mephitic Cloud           Conj/Pois/Air  ######..     1%          3
 Static Discharge         Conj/Air       ######..     1%          3
 Stone Arrow              Conj/Erth      ######       1%          3
 Fulminant Prism          Conj/Hex       ######....   1%          4
 Hailstorm                Conj/Ice       ######..     1%          4
 Bolt of Magma            Conj/Fire/Erth ######....   1%          5
 Irradiate                Conj/Tmut      ######....   1%          5
 Lightning Bolt           Conj/Air       ######....   1%          5
 Ensorcelled Hibernation  Hex/Ice        ####..       2%          2
 Frozen Ramparts          Ice            ###...       2%          3
 Sting                    Tmut/Pois      ###.         3%          1
 Swiftness                Air            ###.....     3%          2
 Portal Projectile        Hex/Tloc       ####..       3%          3
 Conjure Ball Lightning   Conj/Air       ######....   3%          6
 Passwall                 Tmut/Erth      ###.....     4%          2
 Poisonous Vapours        Pois/Air       ###...       4%          2
 Iron Shot                Conj/Erth      ######....   4%          6
 Airstrike                Air            ###.......   5%          4
 Olgreb's Toxic Radiance  Pois           ###.....     9%          4
 Ozocubu's Armour         Ice            ###.....     10%         3
 Cause Fear               Hex            ####......   10%         4
 Freezing Cloud           Conj/Ice/Air   ######....   11%         6
 Leda's Liquefaction      Hex/Erth       ####......   19%         4
 Lee's Rapid Deconstruct  Erth           ###.......   24%         5
 Summon Lightning Spire   Summ/Air       ###.....     26%         4
 Ice Form                 Ice/Tmut       ###.....     32%         4
 Petrify                  Tmut/Erth      ###.....     32%         4
 Summon Ice Beast         Ice/Summ       ###.....     32%         4
 Silence                  Hex/Air        ####......   36%         5
 Metabolic Englaciation   Hex/Ice        ####......   45%         5
 Blade Hands              Tmut           ###.......   67%         5
 Borgnjor's Vile Clutch   Necr/Erth      ###.......   67%         5
 Ozocubu's Refrigeration  Ice            ###.......   75%         6
 Hydra Form               Tmut           ###.......   99%         6
 Shadow Creatures         Summ           N/A          99%         6
 Simulacrum               Ice/Necr       ###.......   99%         6
 Statue Form              Tmut/Erth      ###......    99%         6
 Dragon Form              Tmut           ###.......   100%        7
 Summon Hydra             Summ           ###.......   100%        7
 Dragon's Call            Summ           ###.......   100%        9
 Shatter                  Erth           ###.......   100%        9


Dungeon Overview and Level Annotations

Branches:
Dungeon (15/15)            Temple (1/1) D:6            Lair (6/6) D:9
  Swamp (4/4) Lair:4       Shoals (4/4) Lair:2        Slime (0/5) Lair:5
    Orc (2/2) D:11            Elf (3/3) Orc:2        Vaults (4/5) D:13
  Crypt (0/3) Vaults:3     Depths (1/5) D:15

Altars:
Ashenzari
Cheibriados
Dithmenos
Elyvilon
Fedhas
Gozag
Hepliaklqana
Kikubaaqudgha
Makhleb
Nemelex Xobeh
Okawaru
Qazlal
Ru
Sif Muna
Trog
Uskayaw
Vehumet
Wu Jian
Xom
Yredelemnul
Zin
The Shining One
Jiyva

Shops:
D:8 !   D:9 ?   D:13 !   Orc:2 *(:[   Elf:1 *   Elf:2 ==}   Vaults:2 (
Vaults:4 ?

Annotations:
D:10 Grant146's ghost, journeyman MiBe
Lair:5 3 runed translucent doors, Ziron's ghost, journeyman DrWn
Shoals:3 1 runed translucent door
Elf:3 2 exclusions


Innate Abilities, Weirdness & Mutations

You can breathe blasts of fire.
Your fiery red scales are hard. (AC +11)
You cannot fit into any form of body armour.
Your flesh is heat resistant. (rF+)
You are cold-blooded and may be slowed by cold attacks.
[You often lose your temper in combat.]
[Scrolls take you a little longer to read.]
[You are very clumsy. (Dex -4)]
[You are very frail. (-20% HP)]
[Your magical capacity is very low. (-20% MP)]
[You sometimes yell uncontrollably at your foes.]
[You are weak. (Str -2)]


Message History

* * * LOW HITPOINT WARNING * * *
You are engulfed in flames!
You resist.
* * * LOW HITPOINT WARNING * * *
The red devil hits you from afar with a +0 trident!
* * * LOW HITPOINT WARNING * * *
A lance of force appears from out of thin air!
The lance of force misses you.
The lance of force hits the large abomination!!
The large abomination is destroyed!
You feel much better. The spatial maelstrom hits you!
* * * LOW HITPOINT WARNING * * *
You wobble for a moment.
You block the spatial maelstrom's attack.
The sun demon hits you!
* * * LOW HITPOINT WARNING * * *
You are engulfed in flames.
You resist.
* * * LOW HITPOINT WARNING * * *
The smoke demon gestures at you. Something smites you!
You die...

#. . . #. .. ..#.
Z ### 4#
...3#.§### ##..
#.....#4v#v....
#v.Z#.....## .
.#v@# #.. .
#.#{3##.## #
#.[#..t#35. # ...
. .....#..#...
#....## .†#...# .
##....#
##.#....÷.#
./....##..§.#..##
#... xv.########
#..#...#..###..#


You could see a spatial maelstrom, 2 sun demons, 3 spatial vortices, an
apocalypse crab (agile), a smoke demon, a red devil, an ufetubus (summoned) and
a storm dragon zombie.

Vanquished Creatures
  An ancient lich (Depths:1)
  Mara (Depths:1)
  Nikola (Elf:2)
  A lich (Abyss:2)
  Jorgrun (D:13)
  A tentacled monstrosity (Swamp:4)
  2 deep elf blademasters (Elf:2)
  Gastronok (Lair:3)
  Polyphemus (Shoals:4)
  Kirke (D:15)
  2 tentacled starspawn (Abyss:2)
  A sphinx (Vaults:2)
  Frances (Swamp:2)
  A shadow dragon (Depths:1)
  A storm dragon (Vaults:2)
  A revenant (Vaults:3)
  Roxanne (Shoals:1)
  Ilsuiw (Shoals:2)
  A daeva (Abyss:2)
  A fire giant (Vaults:1)
  2 orc warlords
  A frost giant (Vaults:4)
  An iron dragon (Vaults:4)
  5 deep elf sorcerers (Elf:3)
  9 vault wardens
  Aizul (Elf:2)
  2 angels (Elf:2)
  4 deep elf elementalists (Elf:3)
  11 stone giants
  9 very ugly things
  6 ironheart preservers
  2 vampire knights
  4 deep elf demonologists (Elf:3)
  4 deep elf annihilators (Elf:3)
  5 dire elephants
  5 bunyips
  4 eleionomae
  3 ettins
  A crystal guardian (Vaults:4)
  A fire dragon (shapeshifter) (Vaults:3)
  5 merfolk javelineers
  3 green deaths
  3 fire dragons
  7 merfolk impalers
  4 deep elf death magi
  A jiangshi (Vaults:3)
  10 yaktaur captains
  10 ogre magi
  2 deep elf high priests
  Josephine (Lair:4)
  3 ice dragons
  4 great orbs of eyes
  16 hydras
  A quicksilver dragon skeleton (Abyss:2)
  Harold (D:9)
  3 ghost crabs
  7 boulder beetles
  3 vault guards (Vaults:1)
  The ghost of felt the Slicer, a journeyman BaIE of Cheibriados (D:10)
  2 rakshasas
  An anaconda (Lair:6)
  Erica (D:10)
  2 death knights
  5 merfolk aquamancers
  2 catoblepae
  9 centaur warriors
  28 two-headed ogres
  10 alligators
  A spectral stone giant (D:15)
  2 alligator snapping turtles (Shoals:1)
  4 merfolk avatars (Shoals:4)
  3 satyrs (Shoals:4)
  12 death yaks
  26 dancing weapons
  2 hell hogs (Abyss:2)
  6 orc high priests
  3 tengu warriors
  4 goliath frogs
  6 thrashing horrors
  22 deep elf knights
  Sonja (Orc:2)
  A shock serpent (shapeshifter) (Vaults:4)
  2 soul eaters (Depths:1)
  3 wretched stars (Abyss:2)
  Nergalle (Lair:4)
  A spriggan (Swamp:4)
  6 skeletal warriors
  2 titan skeletons
  2 unseen horrors
  14 sea snakes
  3 spriggan druids (Swamp:3)
  17 deep elf archers
  A glowing orange brain (Vaults:2)
  A shadow demon (Abyss:2)
  4 flayed ghosts
  8 bog bodies
  A phantasmal warrior (Vaults:4)
  11 swamp dragons
  5 wizards
  15 harpies
  3 wolf spider zombies
  9 necromancers
  A tengu zombie (Vaults:4)
  13 ironbrand convokers
  14 orc knights
  19 ugly things
  59 deep elf magi
  5 will-o-the-wisps
  A stone giant zombie (Abyss:2)
  2 wolf spiders
  19 manticores
  An oklob plant (Lair:5)
  An orb spider (shapeshifter) (Vaults:2)
  A tengu skeleton (Vaults:4)
  A spectral spriggan (D:15)
  A wolf spider (shapeshifter) (Vaults:4)
  16 fauns
  5 orc sorcerers
  15 cyclopes
  Joseph (D:9)
  4 black mambas
  14 elephants
  A torpor snail (Lair:6)
  A black mamba (shapeshifter) (D:14)
  14 vault sentinels
  11 merfolk sirens
  5 water nymphs
  A frost giant skeleton (Abyss:2)
  A smoke demon (Abyss:2)
  A molten gargoyle (D:13)
  3 gargoyles
  4 orange demons (Swamp:4)
  An emperor scorpion zombie (Abyss:2)
  Maggie (D:6)
  9 centaur skeletons
  3 kobold demonologists
  39 yaktaurs
  10 cane toads
  3 freezing wraiths
  7 komodo dragons
  3 rime drakes
  2 ice devils (Orc:1)
  3 tengu conjurers
  3 ancient zymes (Abyss:2)
  A yaktaur skeleton (Vaults:3)
  A queen bee (Lair:1)
  32 merfolk
  8 wind drakes
  A bloated husk (Swamp:3)
  6 trolls
  5 hornets
  Grinder (D:6)
  13 tyrant leeches
  4 raiju (Abyss:2)
  5 dream sheep
  8 large abominations
  A spriggan zombie (Depths:1)
  A fire giant simulacrum (Abyss:2)
  A meliai zombie (D:9)
  20 blink frogs
  26 slime creatures
  5 air elementals
  2 human simulacra
  5 flying skulls (Abyss:2)
  A redback (D:10)
  2 vampires
  A centaur simulacrum (D:15)
  9 snapping turtles
  3 shadows
  4 starcursed masses (Abyss:2)
  7 wraiths
  10 wyverns
  3 ynoxinuls (Abyss:2)
  4 hogs (D:15)
  15 water elementals
  86 yaks
  5 basilisks
  A yak (shapeshifter) (Vaults:1)
  3 fire elementals (Elf:2)
  4 vampire mosquitoes (D:14)
  Grum (D:11)
  3 fire bats (Abyss:2)
  A neqoxec (Abyss:2)
  A spatial vortex (Abyss:2)
  A soldier ant (D:12)
  2 acid dragons
  17 swamp worms
  5 wargs
  16 water moccasins
  Duvessa (D:5)
  A soldier ant (shapeshifter) (D:15)
  An alligator simulacrum (Abyss:2)
  4 human zombies
  An elf zombie (Vaults:4)
  7 ice beasts
  40 orc warriors
  3 black bears
  2 phantoms
  4 sky beasts
  An eye of draining (Abyss:2)
  9 boggarts
  44 wolves
  22 ogres
  20 centaurs
  3 human skeletons
  21 bullfrogs
  4 big kobolds
  A wyvern zombie (D:14)
  A water moccasin zombie (D:10)
  Dowan (D:5)
  2 earth elementals
  5 scorpions
  25 killer bees (Lair:1)
  14 wights
  2 howler monkeys
  2 electric eels
  A bullfrog zombie (D:7)
  2 lava snakes (D:13)
  9 small abominations (Abyss:2)
  3 jellies
  3 quasits
  3 centaur zombies
  11 orc priests
  4 bullfrog skeletons
  5 hounds
  An iron imp (Abyss:2)
  3 iguanas
  15 orc wizards
  11 worker ants
  A hound zombie (D:8)
  A hound skeleton (D:7)
  A howler monkey zombie (D:8)
  A worker ant zombie (D:11)
  13 gnolls
  12 adders
  5 shadow imps
  6 white imps
  3 ufetubi
  2 oozes
  An adder zombie (D:7)
  2 adder skeletons
  3 leopard geckos
  79 orcs
  6 bats
  3 giant cockroaches
  3 hobgoblins
  10 jackals
  14 kobolds
  8 quokkas
  3 ball pythons
  4 frilled lizards
  6 goblins
  An orc zombie (Abyss:2)
  A rat (D:2)
  2 crawling corpses (Elf:3)
  3 starspawn tentacles (Abyss:2)
1625 creatures vanquished.

Vanquished Creatures (collateral kills)
  4 ball lightnings (D:13)
4 creatures vanquished.

Vanquished Creatures (others)
  A two-headed ogre (Vaults:3)
  A deep elf knight (Elf:3)
  A harpy (Vaults:2)
  An ugly thing (Vaults:4)
  A large abomination (Abyss:2)
  A ynoxinul (Abyss:2)
  A swamp worm (Swamp:4)
  An ogre (Vaults:3)
  37 ball lightnings
  An orc (D:3)
  2 bushes (Shoals:1)
  4 foxfires (Swamp:4)
  76 fulminant prisms
  64 fungi
  205 plants
  6 starspawn tentacles (Abyss:2)
403 creatures vanquished.

Grand Total: 2032 creatures vanquished

Notes
Turn   | Place    | Note
-------+----------+-------------------------------------------
     0 | D:1      | jalala the Draconian Conjurer began the quest for the Orb.
     0 | D:1      | Reached XP level 1. HP: 14/14 MP: 3/3
   303 | D:1      | Reached XP level 2. HP: 20/20 MP: 0/5
   439 | D:1      | Learned a level 2 spell: Searing Ray
   835 | D:2      | Reached XP level 3. HP: 26/26 MP: 1/6
  1056 | D:2      | Reached skill level 5 in Conjurations
  1221 | D:2      | Found a faded altar of an unknown god.
  1280 | D:2      | Reached XP level 4. HP: 33/33 MP: 3/8
  1405 | D:2      | Learned a level 4 spell: Fulminant Prism
  2307 | D:2      | Found an ancient bone altar of Kikubaaqudgha.
  2446 | D:3      | Reached skill level 1 in Hexes
  2446 | D:3      | Reached XP level 5. HP: 32/38 MP: 6/9
  2996 | D:3      | Found a shimmering altar of Xom.
  3777 | D:4      | Reached XP level 6. HP: 28/45 MP: 1/10
  4589 | D:4      | Reached skill level 1 in Fighting
  4999 | D:5      | Entered Level 5 of the Dungeon
  5004 | D:5      | Your scales start taking on a fiery red colour.
  5004 | D:5      | Reached XP level 7. HP: 52/52 MP: 9/12
  5004 | D:5      | Gained mutation: Your flesh is heat resistant. (rF+) [Red
                  | Draconian growth]
  5083 | D:5      | Found a blossoming altar of Fedhas.
  5187 | D:5      | Reached skill level 2 in Fighting
  5508 | D:5      | Noticed Duvessa
  5524 | D:5      | Killed Duvessa
  5524 | D:5      | Reached skill level 3 in Fighting
  5538 | D:5      | Noticed Dowan
  5540 | D:5      | Killed Dowan
  5733 | D:5      | Reached XP level 8. HP: 63/63 MP: 7/14
  6443 | D:6      | Found a staircase to the Ecumenical Temple.
  6462 | Temple   | Entered the Ecumenical Temple
  6571 | Temple   | Became a worshipper of Vehumet
  6798 | D:6      | Noticed Maggie
  6868 | D:6      | Killed Maggie
  6868 | D:6      | Reached skill level 4 in Fighting
  6868 | D:6      | Reached skill level 5 in Spellcasting
  7062 | D:6      | Noticed Grinder
  7075 | D:6      | Killed Grinder
  7190 | D:6      | Found an iron altar of Okawaru.
  7675 | D:7      | Reached XP level 9. HP: 72/72 MP: 9/17
  7894 | D:7      | Reached * piety under Vehumet
  7894 | D:7      | Offered knowledge of Sandblast by Vehumet.
  8106 | D:7      | Found a blossoming altar of Fedhas.
  8172 | D:7      | Reached skill level 5 in Fighting
  8446 | D:7      | Got a steaming falchion
  8447 | D:7      | Identified the +6 falchion of Bahim {venom, rPois rN++ MP+9
                  | Str-4} (You found it on level 7 of the Dungeon)
  8721 | D:8      | Reached skill level 10 in Conjurations
  8815 | D:8      | Found Yteprihu's Distillery.
  8827 | D:8      | Bought a potion of heal wounds for 70 gold pieces
  9041 | D:8      | Found a sacrificial altar of Ru.
  9322 | D:9      | Learned a level 4 spell: Iskenderun's Mystic Blast
  9340 | D:9      | Noticed Joseph
  9455 | D:9      | Killed Joseph
  9455 | D:9      | Reached skill level 6 in Fighting
  9455 | D:9      | Reached skill level 1 in Translocations
  9557 | D:9      | Reached ** piety under Vehumet
  9557 | D:9      | Offered knowledge of Shock by Vehumet.
  9735 | D:9      | Reached XP level 10. HP: 74/84 MP: 17/19
  9792 | D:9      | Found a staircase to the Lair.
  9800 | D:9      | Noticed Harold
  9817 | D:9      | Paralysed by Harold for 7 turns
  9829 | D:9      | Killed Harold
  9829 | D:9      | Reached skill level 5 in Dodging
  9968 | D:9      | Found a shadowy altar of Dithmenos.
 10071 | D:9      | Found Feidyj's Magic Scroll Shoppe.
 10076 | D:9      | Bought a scroll of fog for 28 gold pieces
 10106 | D:9      | Bought a scroll of magic mapping for 49 gold pieces
 10106 | D:9      | Bought a scroll of amnesia for 49 gold pieces
 10205 | D:10     | Entered Level 10 of the Dungeon
 10283 | D:10     | Noticed Erica
 10295 | D:10     | Reached skill level 7 in Fighting
 10302 | D:10     | Killed Erica
 10657 | D:10     | Noticed a two-headed ogre
 10679 | D:10     | Killed a two-headed ogre
 10679 | D:10     | Reached skill level 8 in Fighting
 11005 | D:10     | Found a runed translucent gate.
 11006 | D:10     | Found a runed translucent gate.
 11007 | D:10     | Found a runed translucent gate.
 11008 | D:10     | Noticed Grant146's ghost (journeyman MiBe)
 11009 | D:10     | Noticed felt's ghost (journeyman BaIE)
 11288 | D:10     | Killed an unseen horror
 11288 | D:10     | Reached XP level 11. HP: 76/95 MP: 8/20
 11658 | D:10     | Noticed a tengu warrior
 11723 | D:10     | Killed a tengu warrior
 11784 | D:10     | Noticed a deep elf knight
 11791 | D:10     | Noticed a six-headed hydra
 12019 | D:10     | Killed a six-headed hydra
 12100 | D:10     | Killed a deep elf knight
 12100 | D:10     | Reached skill level 9 in Fighting
 12186 | D:10     | Noticed a flayed ghost
 12288 | D:10     | Killed a flayed ghost
 12360 | D:10     | Noticed a stone giant
 12587 | D:10     | Killed a stone giant
 12720 | D:10     | Got a flickering platinum amulet
 12723 | D:10     | Got a smelly ring mail
 12745 | D:10     | Identified the amulet "Fyuhaz" {Acrobat rElec} (You found
                  | it on level 10 of the Dungeon)
 12827 | Lair:1   | Entered Level 1 of the Lair of Beasts
 13250 | Lair:1   | Offered knowledge of Conjure Flame by Vehumet.
 13793 | Lair:1   | Reached *** piety under Vehumet
 13843 | Lair:1   | Reached skill level 10 in Fighting
 13848 | Lair:1   | Reached XP level 12. HP: 105/106 MP: 17/21
 14622 | Lair:1   | Offered knowledge of Frozen Ramparts by Vehumet.
 15339 | Lair:2   | Noticed a seven-headed hydra
 15557 | Lair:2   | Reached **** piety under Vehumet
 15601 | Lair:2   | Noticed a four-headed hydra
 15625 | Lair:2   | Killed a four-headed hydra
 15869 | Lair:2   | Killed a seven-headed hydra
 15869 | Lair:2   | Reached skill level 11 in Fighting
 15953 | Lair:2   | Found a staircase to the Shoals.
 16760 | Lair:3   | Offered knowledge of Iskenderun's Battlesphere by Vehumet.
 16773 | Lair:3   | Learned a level 5 spell: Iskenderun's Battlesphere
 16909 | Lair:3   | Noticed a death yak
 16910 | Lair:3   | Noticed a death yak
 16930 | Lair:3   | Noticed a death yak
 16930 | Lair:3   | Killed a death yak
 16930 | Lair:3   | Noticed a death yak
 16933 | Lair:3   | Noticed Gastronok
 17482 | Lair:3   | Noticed a death yak
 17508 | Lair:2   | Killed a death yak
 17610 | Lair:2   | Killed a death yak
 17962 | Lair:3   | Killed Gastronok
 17962 | Lair:3   | Reached skill level 10 in Dodging
 17962 | Lair:3   | Reached XP level 13. HP: 86/117 MP: 19/22
 18173 | Lair:3   | Reached skill level 12 in Fighting
 19533 | Lair:4   | Reached ***** piety under Vehumet
 19533 | Lair:4   | Offered knowledge of Ozocubu's Refrigeration by Vehumet.
 19734 | Lair:4   | Noticed Nergalle
 19753 | Lair:4   | Killed Nergalle
 20094 | Lair:4   | Reached skill level 13 in Fighting
 20272 | Lair:4   | Noticed Josephine
 20321 | Lair:4   | Killed Josephine
 20736 | Lair:4   | Reached skill level 15 in Conjurations
 21004 | Lair:4   | Found a staircase to the Swamp.
 21521 | Lair:4   | Got an encrusted rapier
 21522 | Lair:4   | Identified the +6 rapier "Puluot" {drain, Dex+4} (You found
                  | it on level 4 of the Lair of Beasts)
 21670 | Lair:5   | Reached XP level 14. HP: 114/129 MP: 4/23
 21857 | Lair:5   | Found a staircase to the Slime Pits.
 21857 | Lair:5   | Found a viscous altar of Jiyva.
 21997 | Lair:5   | Found a runed translucent gate.
 21999 | Lair:5   | Found a runed translucent gate.
 21999 | Lair:5   | Found a runed translucent gate.
 22686 | Lair:5   | Noticed Ziron's ghost (journeyman DrWn)
 23134 | Lair:6   | Entered Level 6 of the Lair of Beasts
 23474 | Lair:6   | Offered knowledge of Orb of Destruction by Vehumet.
 23483 | Lair:6   | Learned a level 7 spell: Orb of Destruction
 23596 | Lair:6   | Reached skill level 14 in Fighting
 26883 | D:10     | Killed felt's ghost
 27062 | D:10     | Identified the Collected Works on the Escort
 27726 | D:11     | Found a staircase to the Orcish Mines.
 28032 | D:11     | Noticed Grum
 28043 | D:11     | Killed Grum
 28900 | D:12     | Offered knowledge of Conjure Ball Lightning by Vehumet.
 28951 | D:12     | Reached XP level 15. HP: 109/139 MP: 25/25
 29529 | D:13     | Reached skill level 1 in Shields
 29591 | D:13     | Noticed Jorgrun
 30381 | D:13     | Killed Jorgrun
 31108 | D:13     | Reached skill level 15 in Fighting
 31185 | D:13     | Found a gate to the Vaults.
 31196 | D:13     | Found Cuucury's Distillery.
 31204 | D:13     | Bought a potion of heal wounds for 95 gold pieces
 31204 | D:13     | Bought a potion of heal wounds for 95 gold pieces
 31921 | D:13     | Learned a level 6 spell: Conjure Ball Lightning
 32101 | D:13     | Reached skill level 1 in Air Magic
 32177 | D:13     | Reached skill level 5 in Shields
 32330 | Orc:1    | Entered Level 1 of the Orcish Mines
 32339 | Orc:1    | Identified a scroll of acquirement
 32342 | Orc:1    | Acquired 1175 gold pieces
 32582 | Orc:2    | Entered Level 2 of the Orcish Mines
 32733 | Orc:2    | Noticed Sonja
 32801 | Orc:2    | Noticed an orc warlord
 33312 | D:11     | Killed an orc warlord
 34146 | Orc:2    | Killed Sonja
 34280 | Orc:2    | Found Coress's Antique Weapon Emporium.
 34297 | Orc:2    | Found Jowk's Book Shop.
 34494 | Orc:2    | Found Alecuh's Antique Armour Shop.
 34624 | Orc:2    | Found a staircase to the Elven Halls.
 34997 | Orc:2    | Found Dadgh's General Store.
 35013 | Orc:2    | Offered knowledge of Lightning Bolt by Vehumet.
 35291 | Orc:1    | Noticed an orc warlord
 35324 | Orc:2    | Killed an orc warlord
 36735 | D:14     | Reached XP level 16. HP: 103/149 MP: 28/28
 37007 | D:14     | Offered knowledge of Fireball by Vehumet.
 37019 | D:14     | Learned a level 5 spell: Fireball
 37082 | D:14     | Reached skill level 1 in Fire Magic
 37946 | D:14     | You fall into a shaft and drop 1 floor!
 37946 | D:15     | Entered Level 15 of the Dungeon
 38581 | D:15     | Reached skill level 5 in Fire Magic
 38631 | D:15     | Noticed Kirke
 38695 | D:15     | Killed Kirke
 39317 | D:15     | Found a staircase to the Depths.
 39836 | Swamp:1  | Entered Level 1 of the Swamp
 41010 | Swamp:2  | Noticed Frances
 41016 | Swamp:2  | Killed Frances
 42000 | Swamp:3  | Reached skill level 10 in Shields
 42349 | Swamp:3  | Offered knowledge of Bolt of Magma by Vehumet.
 43035 | Swamp:3  | Reached skill level 16 in Fighting
 43139 | Swamp:4  | Entered Level 4 of the Swamp
 43874 | Swamp:3  | Reached XP level 17. HP: 114/158 MP: 27/29
 45769 | Swamp:4  | Noticed a tentacled monstrosity
 46061 | Swamp:4  | Killed a tentacled monstrosity
 46416 | Swamp:4  | Offered knowledge of Ignition by Vehumet.
 46429 | Swamp:3  | Learned a level 8 spell: Ignition
 46575 | Swamp:4  | Got a decaying rune of Zot
 46859 | Shoals:1 | Entered Level 1 of the Shoals
 46859 | Shoals:1 | Noticed Roxanne
 47522 | Shoals:1 | Killed Roxanne
 49638 | Shoals:2 | Noticed Ilsuiw
 50142 | Shoals:2 | Killed Ilsuiw
 50142 | Shoals:2 | Reached skill level 17 in Fighting
 50521 | Shoals:2 | You fall into a shaft and drop 1 floor!
 50576 | Shoals:3 | Found a runed translucent door.
 51095 | Shoals:2 | Reached XP level 18. HP: 169/169 MP: 30/30
 52087 | Shoals:4 | Entered Level 4 of the Shoals
 52273 | Shoals:4 | Noticed Polyphemus
 52817 | Shoals:4 | Reached ****** piety under Vehumet
 52987 | Shoals:3 | Reached skill level 10 in Fire Magic
 53075 | Shoals:4 | Offered knowledge of Fire Storm by Vehumet.
 53075 | Shoals:4 | Offered knowledge of Tornado by Vehumet.
 53075 | Shoals:4 | Offered knowledge of Absolute Zero by Vehumet.
 53490 | Shoals:4 | Killed Polyphemus
 54167 | Shoals:4 | Identified the cursed +0 hand axe of Wrongful Imprisonment
                  | {venom, rElec Str-4 Int-2 Stlth+}
 54216 | Shoals:4 | Reached skill level 15 in Dodging
 54242 | Shoals:4 | Got a barnacled rune of Zot
 55370 | Vaults:1 | Entered Level 1 of the Vaults
 57185 | Vaults:1 | Reached XP level 19. HP: 179/179 MP: 28/31
 57341 | Vaults:1 | Reached skill level 18 in Fighting
 60212 | Vaults:2 | Found Keitiat's Antique Weapon Shoppe.
 61835 | Vaults:2 | Identified the Grimoire of Intoxication and Transmutation
 62554 | Vaults:3 | Reached skill level 10 in Spellcasting
 63180 | Vaults:3 | Paralysed by a vampire knight for 2 turns
 63292 | Vaults:3 | Reached XP level 20. HP: 189/189 MP: 4/34
 63523 | Vaults:3 | Found a staircase to the Crypt.
 66388 | Vaults:4 | Found Jucveb's Magic Scroll Boutique.
 66393 | Vaults:4 | Bought a scroll of fog for 36 gold pieces
 66437 | Vaults:4 | Reached skill level 19 in Fighting
 68155 | Depths:1 | Entered Level 1 of the Depths
 68158 | Depths:1 | Noticed Mara
 68336 | Depths:1 | Noticed jalala's illusion
 68513 | Depths:1 | Killed Mara
 68762 | Depths:1 | Reached skill level 15 in Shields
 69887 | Depths:1 | Noticed an ancient lich
 70321 | Depths:1 | Killed an ancient lich
 70321 | Depths:1 | Reached XP level 21. HP: 166/198 MP: 29/36
 70589 | Elf:1    | Entered Level 1 of the Elven Halls
 70787 | Elf:1    | Found Koihe's General Store.
 70797 | Elf:1    | Bought a scroll of amnesia for 42 gold pieces
 71240 | Elf:1    | Reached skill level 15 in Fire Magic
 71727 | Elf:1    | Reached skill level 1 in Polearms
 72466 | Elf:2    | Found Etaicuwk's Jewellery Shop.
 72467 | Elf:2    | Found Etuxtev's Gadget Emporium.
 72468 | Elf:2    | Found Cif Cez's Jewellery Shop.
 72572 | Elf:2    | Found a runed translucent gate.
 72572 | Elf:2    | Found a runed translucent gate.
 72572 | Elf:2    | Found a runed translucent gate.
 72609 | Elf:2    | HP: 2/199 [+4 flail of protection (14)]
 73009 | Elf:2    | Found a glowing silver altar of Zin.
 73009 | Elf:2    | Found a glowing golden altar of the Shining One.
 73009 | Elf:2    | Found a white marble altar of Elyvilon.
 74413 | Elf:3    | Entered Level 3 of the Elven Halls
 74413 | Elf:3    | Noticed Nikola
 74445 | Elf:3    | Noticed Aizul
 74619 | Elf:2    | Killed Aizul
 75110 | Elf:2    | Killed Nikola
 76135 | Elf:3    | Identified the +8 lajatang of Bowuk {venom, *Rage rPois rF+
                  | MR+}
 76429 | Elf:3    | Reached skill level 5 in Polearms
 77714 | Elf:3    | Reached XP level 22. HP: 206/206 MP: 28/38
 77852 | Elf:3    | Identified the +1 ring mail "Xoob Moli" {rElec rCorr Str+3
                  | Int-5 Stlth+}
 77854 | Elf:3    | Identified the +2 scimitar of War {vamp, Dex+6}
 77861 | Elf:3    | Cast into level 2 of the Abyss (a deep elf sorcerer)
 77888 | Abyss:2  | Found a corrupted altar of Lugonu.
 77971 | Abyss:2  | Found a corrupted altar of Lugonu.
 78133 | Abyss:2  | Found a corrupted altar of Lugonu.
 78968 | Abyss:2  | Paralysed by a lich for 3 turns
 79003 | Abyss:2  | HP: 2/209 [large abomination (24)]
 79083 | Abyss:2  | Got a translucent pewter ring
 79091 | Abyss:2  | Reached skill level 1 in Long Blades
 79381 | Abyss:2  | Killed from afar by a smoke demon

Illustrated notes

Levels and vault maps discovered:
D:1:      grunt_arrival_lava_bath, layout_loops_ring
D:2:      layout_basic, lemuel_coloured_pillars_altar,
          chequers_ecumenical_altar_simple_redux
D:3:      layout_basic, nicolae_overflow_hidden_temple
D:4:      layout_basic, kennysheep_donut, hangedman_decor_opposing
D:5:      layout_basic, old_standard_altar, minmay_fire_ice_demons, uniq_duvessa
D:6:      layout_basic, old_standard_altar, minmay_temple_entry_stoned_glass,
          uniq_grinder, uniq_maggie
D:7:      layout_loops_ring, chequers_serial_rivers_small_a, hex_large,
          minmay_tree_intersection, kennysheep_doodads, fedhas_altar_2
D:8:      layout_basic, serial_shops, shop_statue,
          hangedman_abyss_or_decor_slice, hangedman_ru_absence
D:9:      layout_roguey, nicolae_dithmenos_shadow_blocks, lair_entry_dummy,
          serial_shops, nicolae_shop_stone, minmay_misc_feat_nine_boxes,
          uniq_joseph, uniq_harold
D:10:     minmay_sliced_demisemicircle, layout_stronghold,
          gammafunk_ghost_cemetery, uniq_erica
D:11:     layout_roguey, david_orc_1_choice, due_unseen_surprise, uniq_grum
D:12:     layout_basic
D:13:     giant_chief_lemuel, layout_loops_cross,
          hangedman_vaults_entry_quadrant_bands, serial_shops, shop,
          uniq_jorgrun
D:14:     layout_long_grid
D:15:     grunt_enter_depths_snipers, layout_cave_pools, drop_trap, uniq_kirke
Temple:   minmay_crystal_spiral_temple
Lair:1:   layout_cave_pods, special_room [special_room_bee], ldierk_geyser,
          grunt_forest_large_clearings
Lair:2:   layout_gridlike, minmay_shoals_entry_hut
Lair:3:   layout_cave_pods, wad_woods_road_05, serial_bayou_shore_b,
          wad_woods_river_01, uniq_gastronok
Lair:4:   layout_loops_ring, palyth_hydra_swamp_entry, grunt_megastairs_2,
          uniq_josephine, uniq_nergalle
Lair:5:   layout_regular_city, slime_altar_1, gammafunk_ghost_necromancy,
          minmay_lair_oklob_bushes
Lair:6:   due_jungle_book, layout_regular_city, serial_bayou_shore_a,
          grunt_megastairs_3
Swamp:1:  layout_falls_marsh, evilmike_swamp_ruin_house_5
Swamp:2:  layout_falls_marsh, evilmike_swamp_ruin_rubble_2, uniq_frances
Swamp:3:  layout_falls_marsh, evilmike_swamp_ruin_rubble_1
Swamp:4:  swamp_vile, layout_basic_swamp
Shoals:1: argonaut_golden_fleece, layout_shoals, nicolae_shoals_circle_sea_wall,
          kb_tengu_band, uniq_roxanne
Shoals:2: layout_shoals, uniq_ilsuiw
Shoals:3: layout_shoals, lightli_airlock
Shoals:4: shoals_end_hangedman, layout_shoals, uniq_polyphemus
Orc:1:    layout_caves, portal_ice_cave_demonic_guard, nicolae_orc_tapped_out
Orc:2:    grunt_orc_gardens, layout_caves, grunt_orc_garden, grunt_orc_garden,
          grunt_orc_garden, grunt_orc_garden, uniq_sonja
Elf:1:    elf_arrival_002, layout_loops_cross, serial_shops, shop,
          kennysheep_underground_church
Elf:2:    layout_gridlike, portal_desolation_entry_holy_temple,
          minmay_shop_grove
Elf:3:    grunt_elf_hall_branching, layout_gridlike, corexii_checkpoint_b,
          statue_in_the_mist_lemuel, uniq_nikola, uniq_aizul
Vaults:1: nicolae_vaults_network_s, nicolae_vaults_twisting_passages,
          vaults_room_ringed_pool, ontoclasm_vaults_fault,
          hangedman_vaults_cutoff, v_pattern_1, nicolae_vaults_specimen_jars,
          hangedman_vaults_stream, nicolae_vaults_murderbox,
          ontoclasm_vaults_gateway, vaults_dpeg_ring, layout_vaults_chaotic_city
Vaults:2: nicolae_vaults_yaktaur_gun_rack, vaults_mumra_chevron_long,
          hangedman_vaults_variations, v_misc_17,
          nicolae_vaults_border_crossing, v_misc_25,
          vaults_mumra_minichess_inversion, st_smaller_cells, v_misc_8,
          v_misc_2, ontoclasm_vaults_eye, layout_vaults_omnibox, serial_shops,
          shop
Vaults:3: ontoclasm_vaults_idyll, minmay_crypt_entry_simple_sparse,
          nicolae_vaults_mini_display_case, nicolae_vaults_ring_of_whatevers,
          hangedman_vaults_snaps, vaults_room_pools, v_pattern_5,
          layout_vaults_omnicross
Vaults:4: v_rooms_5, ontoclasm_vaults_tryst, hangedman_vaults_nails,
          vaults_standard_mumra_enter_the_diamond, hangedman_vaults_maws,
          hangedman_vaults_capsules, nicolae_vaults_branching_niches,
          vaults_room_boxed, v_misc_19, nicolae_vaults_diagonal_hallway_7,
          nicolae_vaults_ring_of_whatevers, vaults_room_grid,
          layout_vaults_maze, serial_shops, shop
Depths:1: layout_cave_shapes, enter_ziggurat_d, special_room
          [special_room_morgue], grunt_hell_entry_dis_mu, minmay_holes,
          grunt_absolute_annihilation, uniq_mara
Abyss:2:  base: Vaults:4, small_statue_intersection, evilmike_abyss_exit_kraken,
          gammafunk_corrupted_shrine, minivault_11,
          hangedman_abyss_or_decor_lesser_grid

Skill      XL: |  1  2  3  4  5  6  7  8  9 10 11 12 13 14 15 16 17 18 19 20 21 22 |
---------------+-------------------------------------------------------------------+-----
Conjurations   | 5 6 7 8 9 10 11 13 14 15 16 17 | 17.2
Spellcasting   | 3 4 5 6 7 8 10 11 12 | 12.5
Hexes          | 1 2 3 |  3.0
Fighting       | 1 3 4 6 8 10 11 13 14 15 16 17 18 19 | 19.8
Dodging        | 3 4 6 8 10 11 12 13 14 15 16 17 | 17.0
Translocations | 2 3 |  3.0
Shields        | 8 10 11 13 14 15 | 15.0
Air Magic      | 1 |  1.1
Fire Magic     | 7 9 11 13 14 16 17 | 17.0
Polearms       | 5 6 |  6.7
Long Blades    | 3 |  3.6
Stealth        | |  1.7

Action                   |  1- 3 |  4- 6 |  7- 9 | 10-12 | 13-15 | 16-18 | 19-21 | 22-24 || total
-------------------------+-------+-------+-------+-------+-------+-------+-------+-------++-------
Melee: Whip              |    10 |    80 |    17 |       |       |       |       |       ||   107
       Tailslap          |     1 |     3 |    10 |    17 |    49 |    26 |    60 |    27 ||   193
       Rapier            |       |       |    80 |       |       |       |       |       ||    80
       Falchion          |       |       |    47 |   122 |   283 |   217 |   321 |    27 ||  1017
       Unarmed           |       |       |       |       |    16 |       |       |       ||    16
       Demon trident     |       |       |       |       |       |       |   173 |    70 ||   243
       Eudemon blade     |       |       |       |       |       |       |       |   102 ||   102
 Cast: Magic Dart        |    42 |    74 |    49 |   147 |   213 |    98 |    25 |     6 ||   654
       Searing Ray       |     2 |    14 |    27 |    66 |   194 |   101 |    21 |     2 ||   427
       Fulminant Prism   |       |       |     4 |    41 |    29 |     2 |       |       ||    76
       Iskenderun's Myst |       |       |     1 |    19 |    47 |    55 |   112 |    23 ||   257
       Iskenderun's Batt |       |       |       |    10 |   108 |    79 |    23 |     3 ||   223
       Orb of Destructio |       |       |       |       |    50 |   295 |   307 |    27 ||   679
       Conjure Ball Ligh |       |       |       |       |    17 |       |       |       ||    17
       Fireball          |       |       |       |       |       |   125 |   213 |    14 ||   352
       Ignition          |       |       |       |       |       |       |    14 |     6 ||    20
 Abil: Breathe Fire      |       |       |    15 |    18 |    31 |    16 |    24 |     5 ||   109
Evoke: Wand              |       |       |       |       |     1 |       |       |       ||     1
  Use: Scroll            |       |       |    12 |     8 |    10 |     8 |     7 |     2 ||    47
       Potion            |       |       |       |     1 |       |       |     3 |     7 ||    11
 Stab: Sleeping          |       |     1 |       |       |     2 |     1 |     1 |       ||     5
       Confused          |       |       |       |       |     1 |       |       |       ||     1
       Petrified         |       |       |       |       |       |     4 |       |       ||     4
Armor: Skin              |     5 |    42 |    88 |   101 |   193 |   136 |   188 |    94 ||   847
Dodge: Dodged            |    11 |    69 |   118 |   336 |   611 |   456 |   528 |   201 ||  2330
Block: Kite shield       |       |       |       |       |    96 |   296 |   422 |   147 ||   961
       Rpst.: Falchion   |       |       |    16 |    99 |   152 |    83 |    87 |    11 ||   448
       Eudemon blade     |       |       |       |       |       |       |       |    28 ||    28

Table legend: (Time is in decaauts)
 A = Elapsed time spent in this place.
 B = Non-inter-level travel time spent in this place.
 C = Inter-level travel time spent in this place.
 D = Time resting spent in this place.
 E = Time spent auto-exploring this place.
 F = Levels seen in this place.
 G = Mean time per level.
                   A        B        C        D        E       F      G
               +--------+--------+--------+--------+--------+-----+--------+
         Total |  80618 |  77142 |   3476 |  33440 |  29557 |  41 | 1966.3 |
       Dungeon |  25040 |  23442 |   1598 |   7556 |  11691 |  15 | 1669.3 |
        Temple |    174 |     89 |     85 |      0 |     87 |   1 |  174.0 |
          Lair |  15114 |  14251 |    863 |   5678 |   6228 |   6 | 2519.0 |
         Swamp |   7202 |   7034 |    168 |   4230 |   1787 |   4 | 1800.5 |
        Shoals |   8084 |   7965 |    119 |   4314 |   2207 |   4 | 2021.0 |
  Orcish Mines |   3565 |   3324 |    241 |   1422 |   1149 |   2 | 1782.5 |
   Elven Halls |   7020 |   6848 |    172 |   3612 |   2060 |   3 | 2340.0 |
        Vaults |  12654 |  12429 |    225 |   5878 |   4227 |   4 | 3163.5 |
        Depths |    214 |    211 |      3 |     36 |      5 |   1 |  214.0 |
         Abyss |   1546 |   1546 |      0 |    713 |    115 |   1 | 1546.0 |
               +--------+--------+--------+--------+--------+-----+--------+

Top non-repeatable levels by time:
Vaults:1: 4026 daAuts
Vaults:4: 3587 daAuts
    D:15: 3505 daAuts
   Elf:2: 3289 daAuts
    D:13: 3280 daAuts
 Swamp:3: 3052 daAuts
  Lair:6: 2858 daAuts
Vaults:2: 2730 daAuts
    D:10: 2701 daAuts
  Lair:2: 2633 daAuts
Shoals:1: 2608 daAuts
  Lair:4: 2584 daAuts
Shoals:4: 2514 daAuts
  Lair:1: 2468 daAuts
  Lair:3: 2329 daAuts
